 Dungeon Crawl Stone Soup version 0.30.1-11-g7821555f0a (webtiles) character file.

Game seed: 11022671438705251946

51 Cheops the Trooper (level 3, -3/39 HPs)
             Began as an Ogre Fighter on Dec 11, 2023.
             Slain by a scorpion (5 damage)
             ... on level 2 of the Dungeon.
             The game lasted 00:01:41 (1123 turns).

Cheops the Trooper (Ogre Fighter)                   Turns: 1123, Time: 00:01:41

Health: -3/39      AC:  3    Str: 22    XL:     3   Next: 83%
Magic:  3/3        EV:  8    Int:  9    God:
Gold:   73         SH:  7    Dex:  8    Spells: 2/2 levels left

rFire   + . .        a - +0 flail
rCold   + . .        c - +0 kite shield
rNeg    . . .        b - +0 robe
rPois   +            (helmet restricted)
rElec   +            (no cloak)
rCorr   +            (gloves unavailable)
SInv    .            (boots unavailable)
Will    .....        (no amulet)
Stlth   +            g - ring of flight
HPRegen 0.26/turn    (no ring)
MPRegen 0.08/turn

%: no passive effects
@: lethally poisoned (-3 -> -6), resistant, flying
A: large, unfitting armour, tough skin 1
a: no special abilities


You were on level 2 of the Dungeon.
You visited 1 branch of the dungeon, and saw 2 of its levels.

You collected 73 gold pieces.

Inventory:

Hand Weapons
 a - a +0 flail (weapon)
Armour
 b - a +0 robe (worn)
 c - a +0 kite shield (worn)
Jewellery
 g - a ring of flight (left hand)
Scrolls
 e - a scroll of teleportation {unknown}
 i - a scroll of immolation {unknown}
 j - a scroll of noise {unknown}
Potions
 d - 3 potions of might
 f - a potion of resistance
 h - a potion of lignification {unknown}
 k - a potion of degeneration {unknown}
 l - 2 potions of flight {unknown}


   Skills:
 - Level 4.0 Fighting
 * Level 3.6 Maces & Flails
 - Level 2.6 Dodging
 - Level 3.0 Shields


You had 2 spell levels left.
You didn't know any spells.
Your spell library was empty.

Dungeon Overview and Level Annotations

Branches:
Dungeon (2/15)

Altars:


Innate Abilities, Weirdness & Mutations

You are too large for most types of armour.
You have tough skin. (AC +1)


Message History

You completely miss the ball python. The ball python barely misses you. x2
You sock the ball python!
You kill the ball python!
You swing at nothing.
You hit the scorpion.
The scorpion is moderately wounded.
The scorpion stings you. The scorpion stings you!
You are poisoned.
The scorpion poisons you!
You barely miss the scorpion.
The scorpion is moderately wounded.
You feel very sick. The scorpion stings you.
* * * LOW HITPOINT WARNING * * *
You are more poisoned.
The scorpion poisons you!
You hit the scorpion but do no damage.
The scorpion is moderately wounded.
You feel very sick. You block the scorpion's attack.
The scorpion barely misses you.
You hit the scorpion.
The scorpion is heavily wounded.
You feel very sick. The scorpion closely misses you.
You hit the scorpion but do no damage.
The scorpion is heavily wounded.
You feel very sick. The scorpion completely misses you.
The scorpion stings you but does no damage.
It was a potion of resistance.
You feel protected.
You feel sick. The scorpion stings you.
* * * LOW HITPOINT WARNING * * *
Okay, then.
You closely miss the scorpion.
The scorpion is heavily wounded.
You feel sick. The scorpion stings you.
* * * LOW HITPOINT WARNING * * *
The scorpion stings you.
You die...

........##.# $..
...........#....
...........#....
................
.................
...........#....[
...........#.....
........s..#....
[......)@.....#
..............###.
######............
#............
#..#..........
.....#..........
####.#..........
#.#..........
..#..........


You could see a scorpion.

Vanquished Creatures
  An adder (D:2)
  7 endoplasms
  A giant cockroach (D:1)
  3 goblins (D:1)
  3 hobgoblins
  3 jackals (D:1)
  2 quokkas (D:1)
  5 ball pythons
  2 bats (D:1)
  5 kobolds (D:1)
  4 rats (D:1)
36 creatures vanquished.

Notes
Turn   | Place    | Note
-------+----------+-------------------------------------------
     0 | D:1      | Cheops the Ogre Fighter began the quest for the Orb.
     0 | D:1      | Reached XP level 1. HP: 24/24 MP: 1/1
   121 | D:1      | Reached XP level 2. HP: 28/32 MP: 2/2
   597 | D:1      | Reached XP level 3. HP: 37/39 MP: 3/3
  1112 | D:2      | Noticed a scorpion
  1123 | D:2      | Slain by a scorpion

Illustrated notes

Levels and vault maps discovered:
D:1:      onia_arrival_handbag, layout_basic, minmay_misc_feat_doors
D:2:      layout_rooms, uniq_crazy_yiuf_cottage

Skill      XL: |  1  2 |
---------------+-------+-----
Maces & Flails | 2 3 |  3.6
Fighting       | |  4.0
Dodging        | |  2.6
Shields        | |  3.0

Action                     || total
---------------------------++-------
  Melee: Flail             ||   108
    Use: Potion            ||     1
 Armour: Robe              ||    29
  Dodge: Dodged            ||    48
  Block: Kite shield       ||    51
